 Dungeon Crawl Stone Soup version 0.29-a0-582-ge82337ba6a (webtiles) character file.

Game seed: 2618400341242112675

6524 spiderkeys the Thaumaturge (level 10, -17/63 HPs)
             Began as a Mummy Necromancer on June 14, 2022.
             Was a Follower of Kikubaaqudgha.
             Demolished by a death yak (20 damage)
             ... on level 8 of the Dungeon on June 15, 2022.
             The game lasted 00:42:07 (10936 turns).

spiderkeys the Thaumaturge (Mummy Necromancer)     Turns: 10936, Time: 00:42:07

Health: -17/63     AC:  7    Str: 11    XL:     10   Next: 69%
Magic:  21/24      EV: 11    Int: 26    God:    Kikubaaqudgha [*.....]
Gold:   324        SH:  0    Dex: 12    Spells: 12/29 levels left

rFire   . . .      SeeInvis .   a - +2 spear (pain)
rCold   + . .      Faith    .   (no shield)
rNeg    + + +      Spirit   .   q - +1 leather armour {rF+}
rPois   ∞          Reflect  .   U - +0 helmet
rElec   .          Harm     .   t - +0 cloak
rCorr   .          Rampage  .   l - +0 pair of gloves
Will    +....                   (no boots)
Stlth   +.........              p - amulet of magic regeneration
HPRegen 0.20/turn               I - +6 ring of intelligence
MPRegen 0.59/turn               (no ring)

@: about to teleport, very slightly contaminated
A: cold resistance 1, negative energy resistance 3, torment resistance 2, heat
vulnerability 1, in touch with death 1, no potions
a: Renounce Religion, Unearth Wretches


You were on level 8 of the Dungeon.
You worshipped Kikubaaqudgha.
Kikubaaqudgha was aware of your devotion.
You visited 2 branches of the dungeon, and saw 10 of its levels.
You also visited: Sewer.

You collected 324 gold pieces.


Innate Abilities, Weirdness & Mutations

You are immune to poison.
Your flesh is cold resistant. (rC+)
You are immune to negative energy. (rN+++)
You are immune to unholy pain and torment.
You are vulnerable to heat. (rF-)
You are in touch with the powers of death.
You do not drink.


   Skills:
 - Level 1.5 Dodging
 - Level 1.5 Stealth
 - Level 10.4 Spellcasting
 - Level 5.0 Conjurations
 + Level 9.8 Necromancy
 + Level 3.6 Transmutations
 - Level 5.0 Earth Magic
 + Level 3.6 Poison Magic


You had 12 spell levels left.
You knew the following spells:

 Your Spells              Type           Power      Damage    Failure   Level
a - Agony                 Necr           77%        N/A       2%          5
i - Ignite Poison         Fire/Tmut/Pois 26%        N/A       6%          3
p - Passwall              Tmut/Erth      30%        N/A       1%          2
s - Stone Arrow           Conj/Erth      78%        3d11      2%          3
v - Vampiric Draining     Necr           77%        2d11      1%          3
X - Necrotize             Necr           100%       1d9       1%          1

Your spell library contained the following spells:

 Spells                   Type           Power      Damage    Failure   Level
 Sandblast                Erth           78%        2d17      1%          1
 Animate Dead             Necr           77%        N/A       1%          4
 Conjure Flame            Conj/Fire      26%        6-21      6%          3
 Anguish                  Hex/Necr       28%        N/A       8%          4
 Gell's Gravitas          Tloc           13%        N/A       17%         3
 Lesser Beckoning         Tloc           13%        N/A       17%         3
 Ozocubu's Armour         Ice            13%        N/A       17%         3
 Teleport Other           Tloc           13%        N/A       17%         3
 Sticky Flame             Conj/Fire      26%        2d5       21%         4
 Dispersal                Tloc           6%         N/A       100%        6
 Ozocubu's Refrigeration  Ice            6%         4d6       100%        7

Inventory:

Hand Weapons
 a - a +2 spear of pain (weapon)
   (You took it off a gnoll on level 7 of the Dungeon)
 g - a +2 trident
   (You took it off a wight on level 7 of the Dungeon)
 o - the +5 mace of Moral Flaws {drain, Fragile +Blink rC+++ Stlth+}
   (You found it on level 5 of the Dungeon)

   A truly terrible weapon, it drains the life of any living foe it strikes.
   rC:        It renders you almost immune to cold.
   +Blink:    It lets you blink.
   Fragile:   It will be destroyed if unequipped.
   Stlth:     It makes you more stealthy.
 O - a +0 trident of freezing
   (You found it on level 6 of the Dungeon)
 Z - a +1 spear of venom
   (You took it off a gnoll on level 7 of the Dungeon)
Missiles
 f - 29 poisoned darts
 k - 199 stones
 m - 4 datura-tipped darts
 w - a silver boomerang
 y - 4 boomerangs
 P - 2 atropa-tipped darts
Armour
 e - a +0 chain mail
   (You found it on level 8 of the Dungeon)
 l - a +0 pair of gloves (worn)
   (You found it on level 2 of the Dungeon)
 q - a +1 leather armour of fire resistance (worn)
   (You found it on level 2 of the Dungeon)
 r - a +0 scale mail
   (You found it on level 8 of the Dungeon)
 t - a +0 cloak (worn)
   (You took it off Crazy Yiuf on level 5 of the Dungeon)
 v - a +0 leather armour
   (You found it on level 8 of the Dungeon)
 x - a +1 robe of fire resistance
   (You took it off an orc wizard on level 6 of the Dungeon)
 U - a +0 helmet (worn)
   (You found it on level 4 of the Dungeon)
 W - +0 acid dragon scales
   (You took it off Maggie on level 7 of the Dungeon)
Jewellery
 p - an amulet of magic regeneration (around neck)
   (You found it on level 2 of the Dungeon)
 I - a +6 ring of intelligence (left hand)
   (You found it on level 1 of the Dungeon)
Wands
 d - a wand of mindburst (15)
   (You found it on level 8 of the Dungeon)
Scrolls
 b - a scroll of immolation {!r!r}
 c - 5 scrolls of teleportation {@r4}
 h - 9 scrolls of identify {@r1}
 i - a scroll of fog
 j - a scroll of torment
 n - a scroll of summoning
 u - 2 scrolls of poison
 B - 2 scrolls of enchant weapon
 S - a scroll of magic mapping {!r}

Dungeon Overview and Level Annotations

Branches:
Dungeon (9/15)             Temple (1/1) D:6            Lair (0/6) D:8
  Sewer (visited)
    Orc: D:9-12

Altars:
Ashenzari
Elyvilon
Fedhas
Gozag
Kikubaaqudgha
Nemelex Xobeh
Okawaru
Qazlal
Sif Muna
Trog
Uskayaw
Vehumet
Wu Jian
Xom
The Shining One

Shops:
D:1 [ D:5

!= .# #............#.# #... ##
#.###.###.##.#.#####..) # #.# #.#
#.##.#.##...... #
#.###.###.##.#Y##.##... #
#......##.##.#.##.###.. #
###.###..##.##.#.##.##... #
#...........##.#......### #
#.#.####..####.#......### #
####.#....h@.J....#.........
######<........l.Y..#####.....###
..........######....Y.((((....#
######.##.######.l#######.#.###
#.##.........# #.#.#
#.##.######.## #.#.# #.##.# #.#
##.#.# #.##.# #.# ##.#..# #>##.##
#.# ##.###.#####


You could see 2 death yaks, a basilisk (paralysed), an iguana (paralysed), a
hound (paralysed) and an endoplasm (paralysed).


Message History

You throw a poisoned dart.
The poisoned dart hits the death yak. 😎 MP[+1] Throw: 37 darts (poison)
Press: ? - help, Shift-Dir - straight line, f/p - death yak
Aim: a death yak (lightly wounded, very poisoned, slow, 76% to hit)
You throw a poisoned dart.
The poisoned dart hits the death yak. 😎 MP[+1]
Your mp is fully restored (24).
Throw: 36 darts (poison)
Press: ? - help, Shift-Dir - straight line, f/p - death yak
Aim: a death yak (lightly wounded, very poisoned, slow, 76% to hit)
You throw a poisoned dart. The poisoned dart hits the death yak.
The death yak looks even sicker.
Throw: 35 darts (poison)
Press: ? - help, Shift-Dir - straight line, f/p - death yak
Aim: a death yak (lightly wounded, very poisoned, slow, 76% to hit)
You throw a poisoned dart. The poisoned dart hits the death yak.
The death yak looks as sick as possible!
Okay, then.
Casting: Stone Arrow (dangerous; 2% risk of failure)
Confirm with . or Enter, or press ? or * to list all spells.
You ignite the poison in your surroundings!
The death yak seems to burn from within!!! 😎 MP[-3]
You lost 3 mp, and now have 21/24 mp.
Casting: Ignite Poison (dangerous; 8% risk of failure)
Confirm with . or Enter, or press ? or * to list all spells.
Aiming: Stone Arrow (dangerous; 2% risk of failure)
Press: ? - help, Shift-Dir - straight line, f/p - death yak
Aim: a death yak (severely wounded, slow, 91% to hit)
The stone arrow hits the death yak!!
You kill the death yak!
Kikubaaqudgha accepts your kill.
The death yak bellows! 😎 MP[-2]
You lost 2 mp, and now have 19/24 mp. 😎 MP[+1] 😎 MP[+1] 😎 MP[+1] 😎 MP[+1] 😎 MP[+1]
Your mp is fully restored (24).
Throw: 34 darts (poison)
Press: ? - help, Shift-Dir - straight line, f - death yak
Aim: a death yak (76% to hit)
You throw a poisoned dart. The poisoned dart hits the death yak.
The death yak is poisoned.
Throw: 33 darts (poison)
Press: ? - help, Shift-Dir - straight line, f/p - death yak
Aim: a death yak (lightly wounded, poisoned, 76% to hit)
You throw a poisoned dart. The poisoned dart hits the death yak.
Throw: 32 darts (poison)
Press: ? - help, Shift-Dir - straight line, f/p - death yak
Aim: a death yak (lightly wounded, poisoned, 76% to hit)
You throw a poisoned dart. The poisoned dart hits the death yak.
The death yak looks even sicker.
Throw: 31 darts (poison)
Press: ? - help, Shift-Dir - straight line, f/p - death yak
Aim: a death yak (lightly wounded, very poisoned, 76% to hit)
You throw a poisoned dart.
The poisoned dart barely misses the death yak.
Throw: 30 darts (poison)
Press: ? - help, Shift-Dir - straight line, f/p - death yak
Aim: a death yak (very poisoned, 76% to hit)
You throw a poisoned dart.
The poisoned dart barely misses the death yak.
Casting: Stone Arrow (dangerous; 2% risk of failure)
Confirm with . or Enter, or press ? or * to list all spells.
You miscast Ignite Poison.
You are very lightly contaminated with residual magic.
Fire whirls out from your hands.
The death yak completely misses you. 😕 HP[-3] MP[-3]
You take 3 damage, and now have 60/63 hp.
You lost 3 mp, and now have 21/24 mp. 😕 MP[+1]
The death yak attacks as you move away! The death yak gores you! 😕 HP[-12]
You take 12 damage, and now have 48/63 hp.
Kikubaaqudgha calls piteous wretches from the earth!
An iguana, a hound, an endoplasm and a basilisk come into view.
The death yak gores you! 😮 HP[-12] MP[-2]
You take 12 damage, and now have 36/63 hp.
You lost 2 mp, and now have 20/24 mp.
As you read the scroll of teleportation {@r4}, it crumbles to dust.
You feel strangely unstable. The death yak gores you!
* * * LOW HITPOINT WARNING * * *
😨 HP[-13]
You take 13 damage, and now have 23/63 hp.
MASSIVE DAMAGE!! (PAUSE)
The death yak looks more healthy.
The death yak gores you!!
* * * LOW HITPOINT WARNING * * *
The death yak bellows! 😱 HP[-20] MP[+1]
You take 20 damage, and now have 3/63 hp.
MASSIVE DAMAGE!! (PAUSE)
The death yak attacks as you move away! The death yak gores you!!
You die...
Kikubaaqudgha rasps: "You have failed me!
Welcome... oblivion!"

Skill      XL: |  1  2  3  4  5  6  7  8  9 10 |
---------------+-------------------------------+-----
Spellcasting   | 3 4 5 6 10 | 10.4
Necromancy     | 5 6 7 9 |  9.8
Conjurations   | 1 5 |  5.0
Earth Magic    | 1 4 5 |  5.0
Transmutations | 3 |  3.6
Poison Magic   | 3 |  3.6
Dodging        | |  1.5
Stealth        | |  1.5

Action                   |  1- 3 |  4- 6 |  7- 9 | 10-12 || total
-------------------------+-------+-------+-------+-------++-------
Melee: Short sword       |       |     2 |       |       ||     2
       Rapier            |       |       |    33 |       ||    33
       Punch             |       |       |     1 |       ||     1
       Spear             |       |       |       |    18 ||    18
Throw: Dart              |       |       |    13 |    10 ||    23
 Cast: Necrotize         |    83 |    85 |   227 |    23 ||   418
       Vampiric Draining |       |     5 |    33 |     6 ||    44
       Stone Arrow       |       |       |    54 |    61 ||   115
       Agony             |       |       |     4 |     2 ||     6
       Ignite Poison     |       |       |       |     1 ||     1
Invok: Unearth Wretches  |       |       |       |     1 ||     1
  Use: Scroll            |       |       |    10 |     4 ||    14
Armor: Robe              |     2 |     7 |       |       ||     9
       Leather armour    |       |       |    64 |    22 ||    86
Dodge: Dodged            |     6 |    14 |    99 |    38 ||   157

Levels and vault maps discovered:
D:1:      ldierk_walled_garden_2, layout_loops_ring, serial_shops,
          nicolae_shop_temple_entry_statues_fountains,
          ebering_ecumenical_altar_sacrificial, corner_web_ring
D:2:      layout_basic, minmay_worlds_worst_comb
D:3:      layout_loops_corners, marbit_many_paths, grunt_ministairs_2,
          hangedman_decor_points, uniq_natasha, uniq_jessica
D:4:      layout_loops_ring
D:5:      layout_cave_pools, serial_gnoll_camp, gnoll_camp_mini_shop,
          gnoll_camp_mini_hut, gnoll_camp_mini_hut, gnoll_camp_mini_house,
          gnoll_camp_mini_shop, gup_sewer_entry_bubbles, minmay_misc_feat_tower,
          skrybe_limestone_x, uniq_grinder, uniq_eustachio,
          uniq_crazy_yiuf_cottage
D:6:      layout_rooms, minmay_temple_entry_wispy
D:7:      layout_basic, uniq_maggie
D:8:      layout_loops_ring, dpeg_lair_monsters, corexii_hall_statues_l,
          uniq_pikel
D:9:      minmay_the_grid_plus_closed [minmay_the_grid_gridbox,
          minmay_the_grid_mess, minmay_the_grid_embedded, minmay_the_grid_box_x,
          minmay_the_grid_prize_trominoes], layout_irregular_city,
          lemuel_old_faithful, uniq_maurice
Temple:   grunt_wide_crystal_templ

Notes
Turn   | Place    | Note
-------+----------+-------------------------------------------
     0 | D:1      | spiderkeys the Mummy Necromancer began the quest for the
                  | Orb.
     0 | D:1      | Reached XP level 1. HP: 13/13 MP: 4/4
     0 | D:1      | magus.rc [v1.11.3]
   100 | D:1      | Reached skill level 3 in Spellcasting
   267 | D:1      | Reached XP level 2. HP: 19/19 MP: 3/6
   483 | D:1      | Found Beusol's Armour Shoppe.
   568 | D:1      | Reached skill level 4 in Spellcasting
   874 | D:1      | Found a faded altar of an unknown god.
  1252 | D:2      | Gained mutation: You are in touch with the powers of death.
                  | [Mummy growth]
  1252 | D:2      | Reached XP level 3. HP: 15/24 MP: 1/9
  1644 | D:2      | Learned a level 3 spell: Vampiric Draining
  1744 | D:2      | Reached skill level 5 in Spellcasting
  2122 | D:3      | Reached XP level 4. HP: 26/30 MP: 9/11
  2221 | D:3      | You pick up a book of Geomancy and begin reading...
  2221 | D:3      | You add the spells Sandblast, Passwall and Stone Arrow to
                  | your library.
  2492 | D:3      | Noticed Natasha
  2501 | D:3      | Killed Natasha
  2563 | D:3      | Reached skill level 5 in Necromancy
  2697 | D:3      | You pick up a book of Displacement and begin reading...
  2697 | D:3      | You add the spells Lesser Beckoning, Gell's Gravitas and
                  | Teleport Other to your library.
  2855 | D:3      | Noticed Jessica
  2859 | D:3      | Killed Jessica
  2860 | D:3      | Reached XP level 5. HP: 35/35 MP: 9/12
  3022 | D:3      | Found a shimmering blue altar of Sif Muna.
  3150 | D:3      | Noticed Natasha
  3160 | D:3      | Killed Natasha
  3370 | D:4      | Reached skill level 6 in Necromancy
  3377 | D:4      | Reached XP level 6. HP: 41/41 MP: 8/13
  3756 | D:5      | Entered Level 5 of the Dungeon
  3760 | D:5      | Reached skill level 7 in Necromancy
  3762 | D:5      | Noticed Eustachio
  3766 | D:5      | Killed Eustachio
  3767 | D:5      | Reached XP level 7. HP: 33/46 MP: 3/14
  3997 | D:5      | Found a glowing drain.
  4013 | Sewer    | Entered a sewer
  4110 | Sewer    | Reached skill level 8 in Necromancy
  4323 | Sewer    | Found a viscous altar of Jiyva.
  4462 | D:5      | You add the spells Ozocubu's Armour and Ozocubu's
                  | Refrigeration to your library.
  4500 | D:5      | Noticed a yak
  4502 | D:5      | Noticed a yak
  4556 | D:5      | Killed a yak
  4557 | D:5      | Reached skill level 9 in Necromancy
  4557 | D:5      | Reached skill level 6 in Spellcasting
  4597 | D:5      | Reached XP level 8. HP: 52/52 MP: 14/17
  4610 | D:5      | Noticed a kobold demonologist
  4957 | D:4      | Reached skill level 7 in Spellcasting
  5356 | D:5      | Noticed Grinder
  5359 | D:5      | Paralysed by Grinder for 2 turns
  5413 | D:5      | Noticed a sixfirhy
  5417 | D:4      | Reached skill level 8 in Spellcasting
  5430 | D:4      | HP: 13/52 [yak (6)]
  5434 | D:4      | Reached skill level 9 in Spellcasting
  5699 | D:4      | Noticed a sixfirhy
  5710 | D:5      | Killed a kobold demonologist
  5711 | D:5      | Reached skill level 10 in Spellcasting
  5715 | D:5      | Learned a level 3 spell: Stone Arrow
  5724 | D:4      | Learned a level 5 spell: Agony
  5727 | D:4      | Learned a level 2 spell: Passwall
  5860 | D:5      | Killed Grinder
  5861 | D:5      | Reached skill level 1 in Conjurations
  5861 | D:5      | Reached skill level 1 in Earth Magic
  5861 | D:5      | Reached XP level 9. HP: 57/57 MP: 7/23
  6023 | D:5      | Found Ubiqek's Distillery.
  6023 | D:5      | Found Logri's Jewellery Emporium.
  6131 | D:5      | Reached skill level 2 in Conjurations
  6131 | D:5      | Reached skill level 2 in Earth Magic
  6324 | D:5      | Identified the +5 mace of Moral Flaws {drain, Fragile
                  | +Blink rC+++ Stlth+}
  6774 | D:5      | Found a runed translucent door.
  6775 | D:5      | Noticed Crazy Yiuf
  6781 | D:5      | Killed Crazy Yiuf
  6985 | D:5      | Reached skill level 3 in Conjurations
  6985 | D:5      | Reached skill level 3 in Earth Magic
  7052 | D:6      | You add the spells Conjure Flame, Ignite Poison and Sticky
                  | Flame to your library.
  7057 | D:6      | Learned a level 3 spell: Ignite Poison
  7548 | D:6      | Reached skill level 4 in Conjurations
  7548 | D:6      | Reached skill level 4 in Earth Magic
  8025 | D:6      | Found a staircase to the Ecumenical Temple.
  8045 | Temple   | Entered the Ecumenical Temple
  8070 | Temple   | Became a worshipper of Kikubaaqudgha
  8472 | D:7      | Reached skill level 5 in Conjurations
  8472 | D:7      | Reached XP level 10. HP: 48/63 MP: 17/24
  8474 | D:7      | Reached skill level 5 in Earth Magic
  8609 | D:7      | Noticed Maggie
  8611 | D:7      | magus.rc [v1.11.3]
  8622 | D:7      | Killed Maggie
  8623 | D:7      | Reached skill level 1 in Transmutations
  8623 | D:7      | Reached skill level 1 in Poison Magic
  8681 | D:7      | Reached * piety under Kikubaaqudgha
  8681 | D:7      | Received a gift from Kikubaaqudgha
  9294 | D:8      | Noticed Pikel
  9455 | D:8      | Noticed a death yak
  9490 | D:7      | Reached skill level 2 in Transmutations
  9490 | D:7      | Reached skill level 2 in Poison Magic
  9725 | D:8      | Killed Pikel
 10198 | D:8      | Reached skill level 3 in Transmutations
 10198 | D:8      | Reached skill level 3 in Poison Magic
 10227 | D:8      | HP: 10/63 [gnoll sergeant/+0 trident of venom (6)]
 10227 | D:8      | HP: 4/63 [gnoll/+0 spear[a gnoll sergeant] (2)]
 10707 | D:8      | Noticed a death yak
 10708 | D:8      | Noticed a death yak
 10762 | D:8      | Found a staircase to the Lair.
 10904 | D:8      | Killed a death yak
 10935 | D:8      | HP: 3/63 [death yak (20)]
 10936 | D:8      | Demolished by a death yak

Vanquished Creatures
  A death yak (D:8)
  Pikel (D:8)
  Maggie (D:7)
  A kobold demonologist (D:5)
  Grinder (D:5)
  5 yaks
  Eustachio (D:5)
  A wyvern (D:7)
  2 water moccasins
  An orc warrior (D:6)
  An ice beast (D:6)
  A black bear (D:6)
  A sky beast (D:6)
  An ogre (D:5)
  2 centaurs
  4 lemures (D:7)
  A phantom (D:4)
  2 kobold brigands
  2 bullfrogs
  3 necrophages
  3 gnoll sergeants
  13 wights
  3 scorpions (D:4)
  4 killer bees (D:8)
  3 jellies (Sewer)
  Crazy Yiuf (D:5)
  4 orc priests
  4 hounds
  Jessica (D:3)
  A gnoll shaman (D:4)
  Natasha (twice) (D:3)
  4 orc wizards
  2 hell rats (D:8)
  14 gnolls
  10 adders
  A river rat (Sewer)
  2 shadow imps
  4 white imps
  3 ufetubi
  3 dart slugs
  2 worms
  23 orcs
  11 ball pythons
  4 bats
  17 endoplasms
  15 giant cockroaches
  9 goblins
  9 hobgoblins
  16 kobolds
  4 quokkas
  9 frilled lizards
  6 rats
240 creatures vanquished.

Vanquished Creatures (collateral kills)
  A yak (D:5)
  An iguana (D:7)
  3 orcs
  An endoplasm (D:4)
  2 frilled lizards (Sewer)
8 creatures vanquished.

Vanquished Creatures (others)
  4 toadstools (D:1)
4 creatures vanquished.

Grand Total: 252 creatures vanquished

Table legend:
 A = Non-vault XP
 B = Vault XP
 C = Vault XP percentage of total XP
 D = Non-vault monster count
 E = Vault monster count
 F = Vault count percentage of total count
                 A         B        C        D         E       F
            +---------+---------+-------+---------+---------+-------
      Total |    6171 |    3150 |  33.8 |     178 |      66 |  27.0
            +---------+---------+-------+---------+---------+-------
        D:1 |      38 |       0 |   0.0 |      21 |       0 |   0.0
        D:2 |      39 |      10 |  20.4 |      15 |       5 |  25.0
        D:3 |      89 |      81 |  47.6 |      18 |       5 |  21.7
        D:4 |    1167 |      29 |   2.4 |      38 |       2 |   5.0
        D:5 |    1085 |     865 |  44.4 |      12 |      19 |  61.3
        D:6 |    1550 |       0 |   0.0 |      36 |       0 |   0.0
        D:7 |    1213 |     418 |  25.6 |      29 |       1 |   3.3
        D:8 |     990 |    1544 |  60.9 |       9 |       8 |  47.1
      Sewer |       0 |     203 | 100.0 |       0 |      26 | 100.0
            +---------+---------+-------+---------+---------+-------

Illustrated notes

Table legend:
 A = Kills in this place as a percentage of kills in entire the game.
 B = Kills by you in this place as a percentage of kills by you in the entire game.
 C = Kills by friends in this place as a percentage of kills by friends in the entire game.
 D = Other kills in this place as a percentage of other kills in the entire game.
 E = Experience gained in this place as a percentage of experience gained in the entire game.
 F = Experience gained in this place divided by the number of levels of this place that you have seen.
                   A       B       C       D       E      F
               +-------+-------+-------+-------+-------+----------------------
         Total | 100.0 | 100.0 | 100.0 |   N/A | 100.0 | 847.4
       Dungeon |  89.3 |  89.8 |  75.0 |   N/A |  97.8 | 1013.1
         Sewer |  10.7 |  10.2 |  25.0 |   N/A |   2.2 | 203.0
               +-------+-------+-------+-------+-------+----------------------

Table legend: (Time is in decaauts)
 A = Elapsed time spent in this place.
 B = Non-inter-level travel time spent in this place.
 C = Inter-level travel time spent in this place.
 D = Time resting spent in this place.
 E = Time spent auto-exploring this place.
 F = Levels seen in this place.
 G = Mean time per level.
                   A        B        C        D        E       F      G
               +--------+--------+--------+--------+--------+-----+--------+
         Total |  11008 |  10424 |    584 |   1553 |   6817 |  11 | 1000.7 |
       Dungeon |  10613 |  10037 |    576 |   1553 |   6587 |   9 | 1179.2 |
        Temple |     34 |     26 |      8 |      0 |      8 |   1 |   34.0 |
         Sewer |    360 |    360 |      0 |      0 |    222 |   1 |  360.0 |
               +--------+--------+--------+--------+--------+-----+--------+

Top non-repeatable levels by time:
     D:5: 1943 daAuts
     D:4: 1721 daAuts
     D:7: 1583 daAuts
     D:3: 1222 daAuts
     D:1: 1209 daAuts
     D:8: 1050 daAuts
     D:6: 975 daAuts
     D:2: 904 daAuts
   Sewer: 360 daAuts
  Temple: 34 daAuts
     D:9: 1 daAuts
